[ AOE2 MATCH · #458734973 ]
Team RMDravidians vs Berbers
[ REPLAY ANALYSIS · EXTRACTED FROM THE RECORDED GAME ]
Feudal
11:05
Castle
14:50
Imperial
30:30
| APM avg | 33.6 |
| APM peak | 74 |
| eAPM avg | 22.9 |
| Villagers / military | 141 / 116 |
Focus
⚔️ 32.4% · 🌾 67.6%
Spearman ×53 · Skirmisher ×53 · Armored Elephant ×7 · Trebuchet (Packed) ×3
Feudal
11:03
Castle
15:42
Imperial
35:30
| APM avg | 21.6 |
| APM peak | 74 |
| eAPM avg | 17.5 |
| Villagers / military | 147 / 87 |
Focus
⚔️ 20.9% · 🌾 79.1%
Camel Archer ×87
Feudal
12:52
Castle
18:26
Imperial
37:43
| APM avg | 36.6 |
| APM peak | 72 |
| eAPM avg | 20.8 |
| Villagers / military | 153 / 113 |
Focus
⚔️ 24.1% · 🌾 75.9%
Skirmisher ×106 · Unknown (2550) ×31 · Bolas Rider ×3 · Petard ×1 · Archer ×1 · Trebuchet (Packed) ×1
Feudal
11:09
Castle
14:51
Imperial
30:21
| APM avg | 27.1 |
| APM peak | 75 |
| eAPM avg | 12.8 |
| Villagers / military | 110 / 143 |
Focus
⚔️ 21.5% · 🌾 78.5%
Spearman ×74 · Kona ×35 · Bolas Rider ×31 · Unknown (2550) ×28 · Trebuchet (Packed) ×3
Feudal
11:07
Castle
15:02
Imperial
38:55
| APM avg | 34.8 |
| APM peak | 70 |
| eAPM avg | 16.8 |
| Villagers / military | 141 / 34 |
Focus
⚔️ 20.1% · 🌾 79.9%
Battering Ram ×11 · Scorpion ×10 · Mangonel ×7 · Organ Gun ×6
Feudal
10:38
Castle
17:29
Imperial
—
| APM avg | 31.0 |
| APM peak | 81 |
| eAPM avg | 10.3 |
| Villagers / military | 105 / 42 |
Focus
⚔️ 16.7% · 🌾 83.3%
Cavalry Archer ×39 · Mangonel ×2 · Monk ×1
Feudal
9:38
Castle
15:40
Imperial
31:13
| APM avg | 33.4 |
| APM peak | 66 |
| eAPM avg | 20.5 |
| Villagers / military | 140 / 101 |
Focus
⚔️ 25.2% · 🌾 74.8%
Knight ×81 · Mangonel ×9 · Battering Ram ×5 · Camel Scout ×4 · Trebuchet (Packed) ×2
Feudal
11:22
Castle
15:37
Imperial
38:49
| APM avg | 45.0 |
| APM peak | 83 |
| eAPM avg | 19.4 |
| Villagers / military | 106 / 67 |
Focus
⚔️ 32.9% · 🌾 67.1%
Archer ×30 · Longbowman ×26 · Mangonel ×4 · Battering Ram ×3 · Monk ×3 · Trebuchet (Packed) ×1
Match map
Resources at game start + every placement click. Thick line = wall · dashed box = detected house wall. 🟡 gold · ⚪ stone · 🟢 berries · 🔶 boar · ⭕ relic
Inputs per minute
— Shadow - - dz
Build order — Shadow
First 150 of 399 actions detected
| 0:02 | Build | House |
| 0:03 | Build | House |
| 0:03 | Create | Villager (Male) |
| 0:04 | Create | Villager (Male) |
| 0:04 | Create | Villager (Male) |
| 0:04 | Create | Villager (Male) |
| 1:39 | Create | Villager (Male) |
| 1:51 | Build | Lumber Camp |
| 2:09 | Create | Villager (Male) |
| 2:23 | Create | Villager (Male) |
| 2:23 | Create | Villager (Male) |
| 2:57 | Create | Villager (Male) |
| 3:20 | Create | Villager (Male) |
| 3:20 | Create | Villager (Male) |
| 3:32 | Build | House |
| 3:50 | Create | Villager (Male) |
| 3:51 | Create | Villager (Male) |
| 3:53 | Create | Villager (Male) |
| 3:53 | Create | Villager (Male) |
| 4:12 | Create | Villager (Male) |
| 4:35 | Create | Villager (Male) |
| 4:35 | Create | Villager (Male) |
| 5:10 | Create | Villager (Male) |
| 5:29 | Create | Villager (Male) |
| 5:33 | Build | House |
| 5:59 | Build | Mill |
| 6:17 | Create | Villager (Male) |
| 6:54 | Create | Villager (Male) |
| 7:39 | Create | Villager (Male) |
| 8:00 | Create | Villager (Male) |
| 8:00 | Create | Villager (Male) |
| 8:15 | Build | House |
| 8:32 | Build | Mining Camp |
| 8:46 | Research | Feudal Age |
| 9:21 | Build | Farm |
| 9:26 | Build | Farm |
| 9:55 | Build | Farm |
| 11:00 | Create | Villager (Male) |
| 11:00 | Create | Villager (Male) |
| 11:03 | Build | Farm |
| 11:05 | Age | Feudal Age |
| 11:12 | Build | Blacksmith |
| 11:16 | Build | Market |
| 12:07 | Build | House |
| 12:10 | Research | Castle Age |
| 12:21 | Build | Mining Camp |
| 13:00 | Research | Horse Collar |
| 13:07 | Research | Double-Bit Axe |
| 13:44 | Build | House |
| 13:52 | Build | Farm |
| 14:02 | Build | Mill |
| 14:19 | Research | Wheelbarrow |
| 14:19 | Create | Villager (Male) |
| 14:19 | Create | Villager (Male) |
| 14:50 | Age | Castle Age |
| 14:52 | Build | Town Center |
| 15:01 | Build | Town Center |
| 15:47 | Build | Town Center |
| 16:07 | Build | Building 487 |
| 16:31 | Create | Villager (Male) |
| 16:32 | Create | Villager (Male) |
| 16:38 | Create | Villager (Male) |
| 16:38 | Create | Villager (Male) |
| 16:38 | Create | Villager (Male) |
| 16:51 | Create | Villager (Male) |
| 16:55 | Create | Villager (Male) |
| 16:55 | Create | Villager (Male) |
| 16:59 | Create | Villager (Male) |
| 17:03 | Build | Farm |
| 17:04 | Build | Farm |
| 17:04 | Create | Villager (Male) |
| 17:04 | Create | Villager (Male) |
| 17:22 | Build | Farm |
| 17:29 | Build | Farm |
| 17:30 | Create | Villager (Male) |
| 17:30 | Create | Villager (Male) |
| 17:50 | Build | Farm |
| 17:54 | Build | Farm |
| 17:55 | Create | Villager (Male) |
| 17:55 | Create | Villager (Male) |
| 18:05 | Create | Villager (Male) |
| 18:05 | Create | Villager (Male) |
| 18:13 | Build | House |
| 18:14 | Build | House |
| 18:19 | Build | Farm |
| 18:21 | Create | Villager (Male) |
| 18:22 | Create | Villager (Male) |
| 18:27 | Build | Farm |
| 18:30 | Build | Farm |
| 18:34 | Create | Villager (Male) |
| 18:35 | Create | Villager (Male) |
| 18:51 | Create | Villager (Male) |
| 18:52 | Create | Villager (Male) |
| 18:56 | Create | Villager (Male) |
| 18:56 | Create | Villager (Male) |
| 18:59 | Build | Farm |
| 19:00 | Build | Farm |
| 19:14 | Create | Villager (Male) |
| 19:14 | Create | Villager (Male) |
| 19:22 | Create | Villager (Male) |
| 19:22 | Create | Villager (Male) |
| 19:25 | Build | Farm |
| 19:32 | Create | Villager (Male) |
| 19:32 | Create | Villager (Male) |
| 19:32 | Create | Villager (Male) |
| 19:32 | Create | Villager (Male) |
| 19:45 | Build | Farm |
| 19:53 | Create | Villager (Male) |
| 19:53 | Create | Villager (Male) |
| 19:54 | Create | Villager (Male) |
| 19:54 | Create | Villager (Male) |
| 19:57 | Build | House |
| 19:58 | Build | House |
| 20:02 | Build | House |
| 20:03 | Build | House |
| 20:04 | Build | House |
| 20:10 | Build | Farm |
| 20:11 | Build | Farm |
| 20:17 | Create | Villager (Male) |
| 20:18 | Create | Villager (Male) |
| 20:27 | Build | Farm |
| 20:35 | Create | Villager (Male) |
| 20:35 | Create | Villager (Male) |
| 20:35 | Create | Villager (Male) |
| 20:46 | Create | Villager (Male) |
| 20:46 | Create | Villager (Male) |
| 20:47 | Create | Villager (Male) |
| 20:54 | Build | Lumber Camp |
| 21:03 | Build | Farm |
| 21:04 | Build | Farm |
| 21:04 | Create | Villager (Male) |
| 21:05 | Create | Villager (Male) |
| 21:17 | Build | Castle |
| 21:23 | Create | Villager (Male) |
| 21:23 | Create | Villager (Male) |
| 21:24 | Create | Villager (Male) |
| 21:31 | Build | Farm |
| 21:34 | Build | Farm |
| 21:45 | Build | Town Center |
| 21:55 | Build | House |
| 21:58 | Build | House |
| 22:19 | Create | Villager (Male) |
| 22:19 | Create | Villager (Male) |
| 22:19 | Create | Villager (Male) |
| 22:20 | Create | Villager (Male) |
| 22:20 | Create | Villager (Male) |
| 22:25 | Create | Villager (Male) |
| 22:25 | Create | Villager (Male) |
| 22:26 | Create | Villager (Male) |
| 22:27 | Create | Villager (Male) |
Build order — dz
First 150 of 375 actions detected
| 0:00 | Create | Villager (Male) |
| 0:01 | Create | Villager (Male) |
| 0:02 | Build | House |
| 0:04 | Build | House |
| 0:22 | Create | Villager (Male) |
| 0:23 | Create | Villager (Male) |
| 0:23 | Create | Villager (Male) |
| 1:32 | Create | Villager (Male) |
| 1:32 | Create | Villager (Male) |
| 1:45 | Build | Lumber Camp |
| 2:01 | Create | Villager (Male) |
| 2:01 | Create | Villager (Male) |
| 2:22 | Create | Villager (Male) |
| 2:52 | Create | Villager (Male) |
| 2:52 | Create | Villager (Male) |
| 3:10 | Create | Villager (Male) |
| 3:10 | Create | Villager (Male) |
| 3:37 | Build | House |
| 3:48 | Create | Villager (Male) |
| 3:48 | Create | Villager (Male) |
| 3:48 | Create | Villager (Male) |
| 3:48 | Create | Villager (Male) |
| 4:42 | Create | Villager (Male) |
| 4:43 | Create | Villager (Male) |
| 4:43 | Create | Villager (Male) |
| 4:43 | Create | Villager (Male) |
| 4:43 | Create | Villager (Male) |
| 5:39 | Create | Villager (Male) |
| 5:44 | Build | House |
| 6:02 | Build | Mill |
| 6:15 | Build | House |
| 6:31 | Create | Villager (Male) |
| 6:32 | Create | Villager (Male) |
| 6:32 | Create | Villager (Male) |
| 6:33 | Create | Villager (Male) |
| 6:35 | Create | Villager (Male) |
| 7:15 | Build | House |
| 7:55 | Research | Feudal Age |
| 8:01 | Build | Lumber Camp |
| 8:08 | Build | House |
| 8:53 | Build | Mining Camp |
| 9:29 | Create | Villager (Male) |
| 9:30 | Create | Villager (Male) |
| 10:05 | Build | Barracks |
| 10:15 | Create | Villager (Male) |
| 10:15 | Create | Villager (Male) |
| 10:36 | Build | House |
| 10:51 | Build | Farm |
| 10:56 | Build | Farm |
| 11:03 | Age | Feudal Age |
| 11:07 | Build | Blacksmith |
| 11:21 | Build | Market |
| 11:30 | Build | Farm |
| 11:43 | Build | House |
| 11:51 | Build | Farm |
| 12:10 | Build | Farm |
| 12:30 | Build | Farm |
| 12:43 | Build | Farm |
| 13:02 | Research | Castle Age |
| 13:12 | Create | Villager (Male) |
| 13:13 | Create | Villager (Male) |
| 13:20 | Create | Villager (Male) |
| 13:24 | Research | Double-Bit Axe |
| 13:40 | Research | Horse Collar |
| 13:55 | Build | Mining Camp |
| 15:05 | Create | Villager (Male) |
| 15:05 | Create | Villager (Male) |
| 15:42 | Age | Castle Age |
| 15:49 | Build | Town Center |
| 15:56 | Build | Town Center |
| 16:07 | Create | Villager (Male) |
| 16:16 | Create | Villager (Male) |
| 16:55 | Create | Villager (Male) |
| 16:55 | Create | Villager (Male) |
| 17:26 | Create | Villager (Male) |
| 17:27 | Create | Villager (Male) |
| 17:28 | Create | Villager (Male) |
| 17:37 | Create | Villager (Male) |
| 18:00 | Create | Villager (Male) |
| 18:01 | Create | Villager (Male) |
| 18:04 | Build | Farm |
| 18:05 | Build | Farm |
| 18:06 | Create | Villager (Male) |
| 18:07 | Create | Villager (Male) |
| 18:10 | Build | Farm |
| 18:10 | Build | Farm |
| 18:11 | Build | Farm |
| 18:11 | Build | Farm |
| 18:15 | Build | Farm |
| 18:19 | Build | Farm |
| 18:19 | Create | Villager (Male) |
| 18:19 | Create | Villager (Male) |
| 18:22 | Build | Farm |
| 18:25 | Research | Stone Mining |
| 18:28 | Research | Bow Saw |
| 18:35 | Build | Farm |
| 19:21 | Create | Villager (Male) |
| 19:21 | Create | Villager (Male) |
| 19:22 | Create | Villager (Male) |
| 19:22 | Create | Villager (Male) |
| 19:23 | Create | Villager (Male) |
| 19:48 | Build | Mill |
| 19:49 | Build | Farm |
| 19:49 | Build | Farm |
| 19:49 | Build | Farm |
| 19:49 | Build | Farm |
| 19:50 | Build | Farm |
| 19:52 | Create | Villager (Male) |
| 19:52 | Create | Villager (Male) |
| 19:57 | Create | Villager (Male) |
| 19:58 | Create | Villager (Male) |
| 20:11 | Build | Town Center |
| 20:15 | Create | Villager (Male) |
| 20:15 | Create | Villager (Male) |
| 20:38 | Build | Farm |
| 20:46 | Research | Gold Mining |
| 20:48 | Create | Villager (Male) |
| 20:48 | Create | Villager (Male) |
| 20:53 | Build | Farm |
| 20:56 | Build | Farm |
| 20:59 | Create | Villager (Male) |
| 20:59 | Create | Villager (Male) |
| 21:10 | Create | Villager (Male) |
| 21:10 | Create | Villager (Male) |
| 21:21 | Create | Villager (Male) |
| 21:21 | Create | Villager (Male) |
| 21:25 | Build | House |
| 21:26 | Build | House |
| 21:27 | Build | House |
| 21:33 | Build | House |
| 21:36 | Create | Villager (Male) |
| 21:42 | Research | Wheelbarrow |
| 21:48 | Create | Villager (Male) |
| 21:48 | Create | Villager (Male) |
| 21:49 | Create | Villager (Male) |
| 21:59 | Build | Farm |
| 22:09 | Build | House |
| 22:11 | Build | House |
| 22:12 | Build | House |
| 22:14 | Create | Villager (Male) |
| 22:14 | Create | Villager (Male) |
| 22:16 | Create | Villager (Male) |
| 22:16 | Create | Villager (Male) |
| 22:26 | Build | Farm |
| 22:28 | Build | Farm |
| 22:54 | Build | Castle |
| 22:56 | Build | Mining Camp |
| 23:06 | Build | House |
| 23:09 | Create | Villager (Male) |
| 23:10 | Create | Villager (Male) |
Build order — 最硬的嘴
First 150 of 378 actions detected
| 0:03 | Build | House |
| 0:10 | Build | Barracks |
| 0:13 | Create | Villager (Male) |
| 0:14 | Create | Villager (Male) |
| 0:14 | Create | Villager (Male) |
| 0:14 | Create | Villager (Male) |
| 1:43 | Create | Villager (Male) |
| 1:43 | Create | Villager (Male) |
| 1:48 | Create | Unit 2550 |
| 1:54 | Create | Villager (Male) |
| 1:54 | Create | Villager (Male) |
| 2:07 | Build | House |
| 2:19 | Create | Villager (Male) |
| 2:51 | Create | Villager (Male) |
| 2:51 | Create | Villager (Male) |
| 3:01 | Create | Villager (Male) |
| 3:02 | Create | Villager (Male) |
| 3:34 | Build | House |
| 3:48 | Create | Villager (Male) |
| 3:48 | Create | Villager (Male) |
| 3:49 | Create | Villager (Male) |
| 4:38 | Research | Loom |
| 4:42 | Build | House |
| 4:57 | Create | Villager (Male) |
| 5:05 | Create | Unit 2550 |
| 5:13 | Build | House |
| 5:15 | Build | House |
| 5:24 | Create | Villager (Male) |
| 5:24 | Create | Villager (Male) |
| 5:49 | Create | Villager (Male) |
| 5:50 | Create | Villager (Male) |
| 5:50 | Create | Villager (Male) |
| 6:32 | Build | Settlement |
| 6:49 | Create | Villager (Male) |
| 6:49 | Create | Villager (Male) |
| 6:49 | Create | Villager (Male) |
| 6:49 | Create | Villager (Male) |
| 6:50 | Create | Villager (Male) |
| 6:56 | Create | Unit 2550 |
| 7:08 | Create | Villager (Male) |
| 7:08 | Create | Villager (Male) |
| 7:36 | Create | Villager (Male) |
| 7:59 | Create | Villager (Male) |
| 8:03 | Create | Villager (Male) |
| 8:17 | Create | Villager (Male) |
| 8:44 | Create | Villager (Male) |
| 8:50 | Create | Villager (Male) |
| 8:57 | Create | Villager (Male) |
| 9:24 | Create | Villager (Male) |
| 9:29 | Create | Villager (Male) |
| 9:51 | Research | Feudal Age |
| 9:51 | Research | Feudal Age |
| 10:03 | Build | House |
| 10:04 | Build | House |
| 10:23 | Build | Settlement |
| 10:38 | Build | Settlement |
| 10:42 | Research | Feudal Age |
| 10:44 | Create | Villager (Male) |
| 10:55 | Build | Building 796 |
| 12:46 | Build | Settlement |
| 12:52 | Age | Feudal Age |
| 12:55 | Build | Blacksmith |
| 13:02 | Build | Archery Range |
| 13:16 | Build | Farm |
| 13:18 | Build | Farm |
| 13:23 | Create | Villager (Male) |
| 13:54 | Create | Villager (Male) |
| 14:20 | Create | Villager (Male) |
| 14:47 | Create | Villager (Male) |
| 15:19 | Create | Villager (Male) |
| 15:46 | Research | Castle Age |
| 15:46 | Research | Castle Age |
| 16:23 | Research | Horse Collar |
| 17:03 | Research | Double-Bit Axe |
| 17:04 | Research | Double-Bit Axe |
| 17:13 | Build | Farm |
| 17:13 | Build | Farm |
| 17:15 | Build | Farm |
| 17:16 | Build | Farm |
| 17:23 | Build | Farm |
| 17:58 | Create | Villager (Male) |
| 18:18 | Build | Farm |
| 18:25 | Build | Farm |
| 18:26 | Age | Castle Age |
| 18:31 | Build | Town Center |
| 18:42 | Create | Villager (Male) |
| 18:57 | Create | Villager (Male) |
| 19:09 | Create | Villager (Male) |
| 19:18 | Research | Bow Saw |
| 19:31 | Build | Farm |
| 19:35 | Build | Farm |
| 20:05 | Research | Wheelbarrow |
| 20:20 | Build | Farm |
| 20:24 | Create | Villager (Male) |
| 20:28 | Build | Farm |
| 20:30 | Create | Villager (Male) |
| 20:30 | Create | Villager (Male) |
| 20:34 | Build | Farm |
| 21:16 | Create | Villager (Male) |
| 21:16 | Create | Villager (Male) |
| 21:25 | Build | Farm |
| 21:30 | Build | Farm |
| 21:32 | Build | Farm |
| 21:34 | Create | Villager (Male) |
| 21:35 | Create | Villager (Male) |
| 21:38 | Create | Villager (Male) |
| 22:07 | Create | Villager (Male) |
| 22:08 | Create | Villager (Male) |
| 22:08 | Create | Villager (Male) |
| 22:14 | Build | Farm |
| 22:15 | Create | Villager (Male) |
| 22:18 | Build | Town Center |
| 22:20 | Create | Villager (Male) |
| 22:21 | Create | Villager (Male) |
| 22:26 | Build | Farm |
| 22:26 | Build | Farm |
| 22:33 | Create | Villager (Male) |
| 22:34 | Create | Villager (Male) |
| 22:36 | Create | Villager (Male) |
| 22:36 | Create | Villager (Male) |
| 22:46 | Create | Villager (Male) |
| 22:46 | Create | Villager (Male) |
| 22:54 | Create | Villager (Male) |
| 23:07 | Build | Town Center |
| 23:11 | Create | Villager (Male) |
| 23:11 | Create | Villager (Male) |
| 23:18 | Create | Villager (Male) |
| 23:19 | Create | Villager (Male) |
| 23:25 | Create | Villager (Male) |
| 23:42 | Create | Villager (Male) |
| 23:42 | Create | Villager (Male) |
| 23:47 | Build | Farm |
| 23:48 | Create | Villager (Male) |
| 23:50 | Build | Farm |
| 24:00 | Build | Farm |
| 24:13 | Create | Villager (Male) |
| 24:20 | Create | Villager (Male) |
| 24:31 | Create | Petard |
| 24:33 | Create | Bolas Rider |
| 24:33 | Create | Bolas Rider |
| 24:36 | Create | Villager (Male) |
| 24:39 | Create | Villager (Male) |
| 24:44 | Create | Villager (Male) |
| 24:44 | Create | Villager (Male) |
| 24:45 | Create | Villager (Male) |
| 24:50 | Build | Farm |
| 24:50 | Build | Farm |
| 24:51 | Create | Villager (Male) |
| 24:54 | Build | Farm |
| 24:55 | Create | Villager (Male) |
Build order — laofengzi
First 150 of 288 actions detected
| 0:01 | Create | Villager (Male) |
| 0:01 | Create | Villager (Male) |
| 0:02 | Create | Villager (Male) |
| 0:03 | Build | House |
| 0:05 | Build | House |
| 0:45 | Create | Villager (Male) |
| 1:28 | Create | Villager (Male) |
| 1:50 | Build | Settlement |
| 2:00 | Create | Villager (Male) |
| 2:00 | Create | Villager (Male) |
| 2:24 | Create | Villager (Male) |
| 2:53 | Create | Villager (Male) |
| 3:09 | Create | Villager (Male) |
| 3:50 | Create | Villager (Male) |
| 4:06 | Create | Villager (Male) |
| 4:38 | Create | Villager (Male) |
| 4:56 | Create | Villager (Male) |
| 5:23 | Create | Villager (Male) |
| 5:50 | Create | Villager (Male) |
| 6:19 | Create | Villager (Male) |
| 6:29 | Build | House |
| 6:34 | Create | Villager (Male) |
| 6:53 | Build | Farm |
| 7:13 | Create | Villager (Male) |
| 7:18 | Build | Farm |
| 7:36 | Create | Villager (Male) |
| 8:04 | Create | Villager (Male) |
| 8:34 | Create | Villager (Male) |
| 8:41 | Build | Settlement |
| 8:46 | Research | Feudal Age |
| 8:59 | Build | Palisade Wall |
| 10:17 | Create | Villager (Male) |
| 11:09 | Age | Feudal Age |
| 11:12 | Build | Blacksmith |
| 11:20 | Build | Market |
| 11:35 | Create | Villager (Male) |
| 11:36 | Create | Villager (Male) |
| 12:11 | Research | Castle Age |
| 12:27 | Build | Settlement |
| 14:06 | Research | Double-Bit Axe |
| 14:09 | Research | Horse Collar |
| 14:38 | Create | Villager (Male) |
| 14:38 | Create | Villager (Male) |
| 14:51 | Age | Castle Age |
| 15:09 | Build | Town Center |
| 15:19 | Create | Villager (Male) |
| 15:44 | Build | Farm |
| 15:44 | Build | Farm |
| 16:10 | Create | Villager (Male) |
| 16:10 | Create | Villager (Male) |
| 16:11 | Create | Villager (Male) |
| 16:21 | Create | Villager (Male) |
| 16:33 | Create | Villager (Male) |
| 16:34 | Create | Villager (Male) |
| 16:45 | Create | Villager (Male) |
| 17:01 | Create | Villager (Male) |
| 17:03 | Build | Farm |
| 17:05 | Build | Farm |
| 17:07 | Create | Villager (Male) |
| 17:25 | Create | Villager (Male) |
| 17:27 | Build | Farm |
| 17:30 | Build | Farm |
| 17:50 | Create | Villager (Male) |
| 17:51 | Build | Farm |
| 17:53 | Build | Farm |
| 17:59 | Build | House |
| 18:01 | Build | House |
| 18:16 | Build | Building 796 |
| 18:20 | Create | Villager (Male) |
| 18:22 | Build | Farm |
| 18:24 | Build | Farm |
| 18:26 | Research | Loom |
| 18:42 | Build | Farm |
| 19:06 | Research | Fletching |
| 19:16 | Build | Castle |
| 19:19 | Create | Villager (Male) |
| 19:20 | Create | Villager (Male) |
| 19:20 | Create | Villager (Male) |
| 19:20 | Create | Villager (Male) |
| 19:32 | Build | House |
| 19:36 | Build | House |
| 19:38 | Build | House |
| 19:39 | Build | House |
| 19:47 | Create | Villager (Male) |
| 19:47 | Create | Villager (Male) |
| 19:54 | Build | Farm |
| 20:08 | Build | Town Center |
| 20:12 | Create | Villager (Male) |
| 20:12 | Create | Villager (Male) |
| 20:23 | Create | Villager (Male) |
| 20:26 | Build | Farm |
| 20:29 | Create | Villager (Male) |
| 20:43 | Create | Villager (Male) |
| 20:44 | Build | Farm |
| 20:59 | Research | Bodkin Arrow |
| 21:07 | Create | Villager (Male) |
| 21:19 | Build | Settlement |
| 21:22 | Create | Villager (Male) |
| 21:23 | Create | Villager (Male) |
| 21:28 | Build | Farm |
| 21:46 | Create | Villager (Male) |
| 21:49 | Build | Farm |
| 21:53 | Build | Farm |
| 21:54 | Create | Villager (Male) |
| 21:56 | Create | Kona |
| 21:57 | Create | Kona |
| 22:04 | Create | Villager (Male) |
| 22:05 | Create | Villager (Male) |
| 22:07 | Build | Farm |
| 22:12 | Build | Farm |
| 22:19 | Create | Villager (Male) |
| 22:21 | Build | Farm |
| 22:30 | Create | Kona |
| 22:33 | Create | Villager (Male) |
| 22:35 | Build | Farm |
| 22:37 | Build | Farm |
| 22:51 | Create | Villager (Male) |
| 22:53 | Build | Farm |
| 22:56 | Build | Farm |
| 22:57 | Create | Villager (Male) |
| 22:58 | Create | Villager (Male) |
| 23:00 | Build | Farm |
| 23:11 | Build | Farm |
| 23:13 | Create | Villager (Male) |
| 23:25 | Create | Kona |
| 23:26 | Create | Villager (Male) |
| 23:26 | Create | Villager (Male) |
| 23:29 | Build | Farm |
| 23:35 | Build | Farm |
| 23:36 | Create | Villager (Male) |
| 23:42 | Create | Villager (Male) |
| 23:44 | Build | Farm |
| 23:47 | Create | Villager (Male) |
| 23:51 | Create | Kona |
| 24:00 | Build | Farm |
| 24:02 | Build | Farm |
| 24:03 | Create | Villager (Male) |
| 24:04 | Create | Villager (Male) |
| 24:09 | Build | Farm |
| 24:10 | Create | Villager (Male) |
| 24:14 | Create | Kona |
| 24:31 | Build | Castle |
| 24:34 | Create | Villager (Male) |
| 24:34 | Create | Villager (Male) |
| 24:35 | Create | Villager (Male) |
| 24:38 | Build | Farm |
| 24:40 | Build | Farm |
| 24:54 | Create | Villager (Male) |
| 24:55 | Create | Villager (Male) |
| 24:55 | Create | Villager (Male) |
Build order — riaria
First 150 of 273 actions detected
| 0:04 | Create | Villager (Male) ×4 |
| 0:05 | Build | House |
| 0:07 | Build | House |
| 1:43 | Create | Villager (Male) |
| 1:43 | Create | Villager (Male) |
| 1:56 | Build | Lumber Camp |
| 2:04 | Build | Lumber Camp |
| 2:06 | Create | Villager (Male) |
| 2:07 | Create | Villager (Male) |
| 2:07 | Create | Villager (Male) |
| 2:24 | Create | Villager (Male) |
| 2:24 | Create | Villager (Male) |
| 2:41 | Create | Villager (Male) |
| 3:20 | Create | Villager (Male) |
| 3:21 | Create | Villager (Male) |
| 3:44 | Build | House |
| 3:56 | Create | Villager (Male) |
| 3:57 | Create | Villager (Male) |
| 3:57 | Create | Villager (Male) |
| 4:44 | Create | Villager (Male) |
| 4:45 | Create | Villager (Male) |
| 4:51 | Build | House |
| 5:17 | Create | Villager (Male) |
| 5:17 | Create | Villager (Male) |
| 5:34 | Build | House |
| 5:45 | Create | Villager (Male) |
| 6:27 | Create | Villager (Male) |
| 6:28 | Create | Villager (Male) |
| 6:35 | Create | Villager (Male) |
| 6:36 | Create | Villager (Male) |
| 6:58 | Create | Villager (Male) |
| 7:17 | Create | Villager (Male) |
| 7:35 | Create | Villager (Male) |
| 7:51 | Build | Mining Camp |
| 8:15 | Build | Mill |
| 8:56 | Research | Feudal Age |
| 8:56 | Research | Feudal Age |
| 9:50 | Build | Building 796 |
| 10:00 | Build | Palisade Wall |
| 10:03 | Build | House |
| 10:21 | Create | Villager (Male) |
| 10:21 | Create | Villager (Male) |
| 11:07 | Age | Feudal Age |
| 11:11 | Build | Market |
| 11:13 | Build | Blacksmith |
| 12:22 | Research | Castle Age |
| 12:23 | Research | Castle Age |
| 12:33 | Research | Double-Bit Axe |
| 13:15 | Research | Town Watch |
| 13:22 | Research | Horse Collar |
| 13:36 | Research | Loom |
| 13:36 | Research | Town Watch |
| 15:02 | Age | Castle Age |
| 15:06 | Build | Town Center |
| 15:07 | Research | Bow Saw |
| 15:10 | Create | Villager (Male) |
| 15:30 | Create | Villager (Male) |
| 15:55 | Build | Town Center |
| 16:02 | Build | Farm |
| 16:10 | Build | Mill |
| 16:54 | Create | Villager (Male) |
| 16:55 | Create | Villager (Male) |
| 17:23 | Build | Siege Workshop |
| 17:35 | Create | Villager (Male) |
| 17:35 | Create | Villager (Male) |
| 17:56 | Build | Siege Workshop |
| 18:06 | Create | Villager (Male) |
| 18:06 | Create | Villager (Male) |
| 18:06 | Create | Villager (Male) |
| 18:26 | Create | Mangonel |
| 18:27 | Create | Mangonel |
| 18:28 | Create | Villager (Male) |
| 18:28 | Create | Villager (Male) |
| 19:08 | Create | Villager (Male) |
| 19:08 | Create | Villager (Male) |
| 19:40 | Create | Villager (Male) |
| 19:40 | Create | Villager (Male) |
| 19:40 | Create | Villager (Male) |
| 20:20 | Create | Villager (Male) |
| 20:21 | Create | Villager (Male) |
| 20:22 | Create | Villager (Male) |
| 20:22 | Create | Villager (Male) |
| 20:45 | Create | Villager (Male) |
| 20:45 | Create | Villager (Male) |
| 21:15 | Build | Barracks |
| 21:16 | Create | Villager (Male) |
| 21:16 | Create | Villager (Male) |
| 21:16 | Create | Villager (Male) |
| 21:17 | Create | Villager (Male) |
| 21:17 | Create | Villager (Male) |
| 21:30 | Build | Farm |
| 21:30 | Build | Farm |
| 21:31 | Build | Farm |
| 21:31 | Build | Farm |
| 21:37 | Create | Villager (Male) |
| 21:37 | Create | Villager (Male) |
| 21:37 | Create | Villager (Male) |
| 21:38 | Create | Villager (Male) |
| 21:46 | Create | Mangonel |
| 21:58 | Create | Villager (Male) |
| 21:58 | Create | Villager (Male) |
| 22:16 | Build | House |
| 22:17 | Build | House |
| 22:22 | Create | Villager (Male) |
| 22:22 | Create | Villager (Male) |
| 22:52 | Create | Mangonel |
| 22:52 | Create | Mangonel |
| 23:01 | Build | House |
| 23:08 | Create | Villager (Male) |
| 23:08 | Create | Villager (Male) |
| 23:22 | Build | Mill |
| 23:26 | Create | Villager (Male) |
| 23:26 | Create | Villager (Male) |
| 23:27 | Create | Villager (Male) |
| 24:00 | Create | Villager (Male) |
| 24:00 | Create | Villager (Male) |
| 24:00 | Create | Villager (Male) |
| 24:04 | Build | Castle |
| 24:20 | Create | Scorpion |
| 24:21 | Create | Scorpion |
| 25:01 | Create | Villager (Male) |
| 25:02 | Create | Villager (Male) |
| 25:02 | Create | Villager (Male) |
| 25:02 | Create | Villager (Male) |
| 25:13 | Create | Villager (Male) |
| 25:13 | Create | Villager (Male) |
| 25:13 | Create | Villager (Male) |
| 25:24 | Create | Scorpion |
| 25:24 | Create | Scorpion |
| 25:24 | Create | Scorpion |
| 26:02 | Create | Villager (Male) |
| 26:02 | Create | Villager (Male) |
| 26:02 | Create | Villager (Male) |
| 26:02 | Create | Villager (Male) |
| 26:34 | Create | Scorpion |
| 26:35 | Create | Scorpion |
| 26:47 | Create | Mangonel |
| 26:54 | Create | Villager (Male) |
| 26:54 | Create | Villager (Male) |
| 26:54 | Create | Villager (Male) |
| 27:29 | Create | Mangonel |
| 27:32 | Create | Villager (Male) |
| 27:32 | Create | Villager (Male) |
| 27:32 | Create | Villager (Male) |
| 27:33 | Create | Villager (Male) |
| 27:33 | Create | Villager (Male) |
| 27:33 | Create | Villager (Male) |
| 27:33 | Create | Villager (Male) |
| 27:43 | Build | Siege Workshop |
| 27:44 | Create | Scorpion |
Build order — RolandDeschain
First 150 of 221 actions detected
| 0:05 | Create | Villager (Male) |
| 0:05 | Create | Villager (Male) |
| 0:05 | Create | Villager (Male) |
| 0:05 | Create | Villager (Male) |
| 0:05 | Create | Villager (Male) |
| 0:07 | Build | House |
| 0:09 | Build | House |
| 1:34 | Create | Villager (Male) |
| 1:35 | Create | Villager (Male) |
| 2:12 | Create | Villager (Male) |
| 2:12 | Create | Villager (Male) |
| 2:39 | Create | Villager (Male) |
| 2:39 | Create | Villager (Male) |
| 2:56 | Create | Villager (Male) |
| 2:56 | Create | Villager (Male) |
| 3:20 | Create | Villager (Male) |
| 3:20 | Create | Villager (Male) |
| 3:42 | Build | House |
| 3:58 | Create | Villager (Male) |
| 3:58 | Create | Villager (Male) |
| 3:59 | Create | Villager (Male) |
| 4:12 | Build | Lumber Camp |
| 4:35 | Create | Villager (Male) |
| 4:35 | Create | Villager (Male) |
| 4:40 | Create | Villager (Male) |
| 4:40 | Create | Villager (Male) |
| 5:19 | Create | Villager (Male) |
| 5:19 | Create | Villager (Male) |
| 5:20 | Create | Villager (Male) |
| 5:40 | Build | Mill |
| 5:46 | Build | House |
| 5:48 | Create | Villager (Male) |
| 5:48 | Create | Villager (Male) |
| 6:46 | Build | Palisade Wall |
| 6:57 | Build | Building 804 |
| 7:06 | Build | Palisade Wall |
| 7:08 | Build | Palisade Wall |
| 7:10 | Build | Palisade Wall |
| 7:13 | Create | Villager (Male) |
| 7:14 | Create | Villager (Male) |
| 7:14 | Create | Villager (Male) |
| 7:20 | Build | Farm |
| 7:22 | Build | Farm |
| 8:23 | Research | Feudal Age |
| 8:26 | Build | Lumber Camp |
| 9:03 | Build | Mining Camp |
| 9:41 | Create | Villager (Male) |
| 9:41 | Create | Villager (Male) |
| 9:53 | Build | House |
| 9:54 | Build | House |
| 10:38 | Age | Feudal Age |
| 10:56 | Research | Loom |
| 11:02 | Build | Barracks |
| 11:10 | Create | Villager (Male) |
| 12:00 | Research | Town Watch |
| 12:06 | Build | Archery Range |
| 12:08 | Build | Stable |
| 12:14 | Create | Villager (Male) |
| 12:14 | Create | Villager (Male) |
| 12:17 | Build | Farm |
| 12:35 | Build | House |
| 12:40 | Create | Villager (Male) |
| 13:00 | Build | Farm |
| 13:04 | Create | Villager (Male) |
| 13:18 | Create | Villager (Male) |
| 13:23 | Build | Farm |
| 13:58 | Create | Villager (Male) |
| 14:01 | Build | Farm |
| 14:04 | Build | Farm |
| 14:21 | Create | Villager (Male) |
| 14:27 | Build | Blacksmith |
| 14:36 | Create | Villager (Male) |
| 14:46 | Research | Castle Age |
| 15:14 | Build | House |
| 15:18 | Research | Double-Bit Axe |
| 15:20 | Research | Gold Mining |
| 15:31 | Research | Horse Collar |
| 16:22 | Build | House |
| 16:23 | Build | House |
| 16:26 | Research | Bloodlines |
| 16:56 | Create | Villager (Male) |
| 16:57 | Create | Villager (Male) |
| 17:08 | Build | Mining Camp |
| 17:29 | Age | Castle Age |
| 18:04 | Create | Villager (Male) |
| 18:04 | Create | Villager (Male) |
| 18:11 | Build | Town Center |
| 18:51 | Create | Villager (Male) |
| 18:51 | Create | Villager (Male) |
| 19:30 | Create | Villager (Male) |
| 19:37 | Create | Villager (Male) |
| 19:38 | Create | Villager (Male) |
| 19:43 | Build | Town Center |
| 19:50 | Create | Villager (Male) |
| 20:00 | Create | Cavalry Archer |
| 20:46 | Create | Villager (Male) |
| 20:46 | Create | Villager (Male) |
| 20:47 | Create | Villager (Male) |
| 20:53 | Research | Wheelbarrow |
| 20:56 | Create | Villager (Male) |
| 20:57 | Create | Villager (Male) |
| 20:57 | Create | Villager (Male) |
| 21:02 | Create | Cavalry Archer |
| 21:11 | Build | Archery Range |
| 21:17 | Build | Archery Range |
| 21:29 | Build | House |
| 21:31 | Build | House |
| 21:33 | Build | House |
| 21:36 | Create | Villager (Male) |
| 21:37 | Create | Villager (Male) |
| 21:38 | Create | Villager (Male) |
| 21:39 | Create | Villager (Male) |
| 21:39 | Create | Villager (Male) |
| 21:54 | Create | Cavalry Archer |
| 21:54 | Create | Cavalry Archer |
| 22:08 | Create | Villager (Male) |
| 22:52 | Research | Husbandry |
| 22:57 | Create | Cavalry Archer ×5 |
| 23:04 | Build | House |
| 23:06 | Build | University |
| 23:11 | Create | Villager (Male) |
| 23:11 | Create | Villager (Male) |
| 23:11 | Create | Villager (Male) |
| 23:17 | Create | Villager (Male) |
| 23:17 | Create | Villager (Male) |
| 23:18 | Create | Villager (Male) |
| 23:18 | Create | Villager (Male) |
| 23:28 | Build | Farm |
| 23:35 | Build | Farm |
| 23:36 | Build | Farm |
| 23:38 | Create | Villager (Male) |
| 23:38 | Create | Villager (Male) |
| 23:41 | Create | Cavalry Archer ×5 |
| 23:53 | Build | Siege Workshop |
| 24:01 | Research | Fletching |
| 25:12 | Create | Mangonel |
| 25:19 | Build | Archery Range |
| 25:22 | Create | Cavalry Archer ×5 |
| 25:22 | Create | Cavalry Archer ×5 |
| 25:27 | Create | Villager (Male) |
| 25:27 | Create | Villager (Male) |
| 25:27 | Create | Villager (Male) |
| 25:28 | Create | Villager (Male) |
| 25:28 | Create | Villager (Male) |
| 25:29 | Create | Villager (Male) |
| 25:29 | Create | Villager (Male) |
| 27:00 | Build | Archery Range |
| 28:19 | Create | Cavalry Archer ×5 |
| 28:22 | Create | Villager (Male) |
| 28:22 | Create | Villager (Male) |
Build order — 西北第一白起
First 150 of 396 actions detected
| 0:01 | Create | Villager (Male) |
| 0:01 | Create | Villager (Male) |
| 0:04 | Build | House |
| 0:06 | Build | House |
| 0:44 | Create | Villager (Male) |
| 0:45 | Create | Villager (Male) |
| 0:50 | Create | Villager (Male) |
| 1:34 | Create | Villager (Male) |
| 1:58 | Create | Villager (Male) |
| 2:04 | Build | Lumber Camp |
| 2:28 | Create | Villager (Male) |
| 3:04 | Create | Villager (Male) |
| 3:19 | Create | Villager (Male) |
| 3:20 | Create | Villager (Male) |
| 3:30 | Build | Mill |
| 3:39 | Build | House |
| 4:01 | Create | Villager (Male) |
| 4:02 | Create | Villager (Male) |
| 4:22 | Build | House |
| 4:23 | Create | Villager (Male) |
| 4:24 | Create | Villager (Male) |
| 4:37 | Build | House |
| 4:46 | Create | Villager (Male) |
| 5:01 | Create | Villager (Male) |
| 5:21 | Create | Villager (Male) |
| 5:52 | Build | Palisade Wall |
| 5:54 | Create | Villager (Male) |
| 5:58 | Build | Palisade Wall |
| 6:06 | Create | Villager (Male) |
| 6:06 | Create | Villager (Male) |
| 6:43 | Create | Villager (Male) |
| 6:45 | Create | Villager (Male) |
| 7:01 | Create | Villager (Male) |
| 7:02 | Create | Villager (Male) |
| 7:34 | Research | Feudal Age |
| 7:35 | Research | Feudal Age |
| 8:18 | Build | Mill |
| 8:31 | Create | Villager (Male) |
| 9:07 | Build | Lumber Camp |
| 9:37 | Create | Villager (Male) |
| 9:38 | Age | Feudal Age |
| 9:46 | Build | Market |
| 9:57 | Create | Villager (Male) |
| 10:02 | Research | Double-Bit Axe |
| 10:02 | Research | Double-Bit Axe |
| 10:10 | Create | Villager (Male) |
| 10:21 | Create | Villager (Male) |
| 10:24 | Create | Villager (Male) |
| 11:01 | Create | Villager (Male) |
| 11:06 | Build | Blacksmith |
| 11:51 | Create | Villager (Male) |
| 12:08 | Build | Building 673 |
| 12:17 | Build | Mining Camp |
| 13:14 | Research | Castle Age |
| 13:15 | Research | Castle Age |
| 13:15 | Research | Castle Age |
| 13:32 | Research | Horse Collar |
| 13:32 | Research | Horse Collar |
| 14:22 | Build | House |
| 15:28 | Create | Villager (Male) |
| 15:40 | Age | Castle Age |
| 15:47 | Build | Town Center |
| 15:55 | Build | Town Center |
| 16:05 | Create | Villager (Male) |
| 16:07 | Research | Bow Saw |
| 16:07 | Research | Bow Saw |
| 16:35 | Build | Town Center |
| 16:41 | Create | Villager (Male) |
| 16:53 | Create | Villager (Male) |
| 17:01 | Build | Farm |
| 17:03 | Create | Villager (Male) |
| 17:05 | Create | Villager (Male) |
| 17:09 | Build | Farm |
| 17:10 | Create | Villager (Male) |
| 17:12 | Create | Villager (Male) |
| 17:16 | Build | Farm |
| 17:18 | Build | Farm |
| 17:20 | Build | Farm |
| 17:22 | Build | Farm |
| 17:25 | Create | Villager (Male) |
| 17:26 | Create | Villager (Male) |
| 17:28 | Create | Villager (Male) |
| 17:30 | Build | Farm |
| 17:32 | Create | Villager (Male) |
| 17:33 | Create | Villager (Male) |
| 17:36 | Build | Farm |
| 17:42 | Build | Farm |
| 17:46 | Build | Farm |
| 17:47 | Build | Farm |
| 17:48 | Build | Farm |
| 17:49 | Build | Farm |
| 17:56 | Build | Farm |
| 17:57 | Create | Villager (Male) |
| 18:03 | Create | Villager (Male) |
| 18:13 | Build | Farm |
| 18:13 | Create | Villager (Male) |
| 18:24 | Build | Farm |
| 18:26 | Create | Villager (Male) |
| 18:28 | Create | Villager (Male) |
| 19:05 | Create | Villager (Male) |
| 19:06 | Create | Villager (Male) |
| 19:08 | Create | Villager (Male) |
| 19:11 | Build | Farm |
| 19:16 | Build | House |
| 19:21 | Create | Villager (Male) |
| 19:31 | Build | Farm |
| 19:33 | Research | Wheelbarrow |
| 19:33 | Research | Wheelbarrow |
| 19:33 | Research | Wheelbarrow |
| 19:46 | Build | Building 487 |
| 19:53 | Build | Stone Wall |
| 20:00 | Build | House |
| 20:01 | Build | House |
| 20:07 | Build | House |
| 20:11 | Build | House |
| 20:12 | Create | Villager (Male) |
| 20:15 | Build | Farm |
| 20:17 | Create | Villager (Male) |
| 20:18 | Create | Villager (Male) |
| 20:19 | Create | Villager (Male) |
| 20:24 | Build | Farm |
| 20:25 | Build | Farm |
| 20:26 | Build | Farm |
| 20:27 | Build | Farm |
| 20:30 | Research | Heavy Plow |
| 20:30 | Research | Heavy Plow |
| 20:31 | Create | Villager (Male) |
| 20:33 | Create | Villager (Male) |
| 20:39 | Build | Building 487 |
| 20:50 | Create | Villager (Male) |
| 20:52 | Create | Villager (Male) |
| 20:53 | Create | Villager (Male) |
| 20:58 | Build | House |
| 20:59 | Create | Villager (Male) |
| 21:00 | Create | Villager (Male) |
| 21:02 | Create | Villager (Male) |
| 21:11 | Build | Mill |
| 21:12 | Build | Farm |
| 21:13 | Build | Farm |
| 21:14 | Create | Villager (Male) |
| 21:18 | Build | Farm |
| 21:19 | Create | Villager (Male) |
| 21:24 | Create | Villager (Male) |
| 21:29 | Build | House |
| 21:30 | Create | Villager (Male) |
| 21:35 | Build | Mining Camp |
| 21:35 | Create | Villager (Male) |
| 21:39 | Create | Villager (Male) |
| 21:42 | Build | Farm |
| 21:45 | Build | Farm |
Build order — Tiểu Long Nữ
First 150 of 278 actions detected
| 0:02 | Create | Villager (Male) |
| 0:02 | Create | Villager (Male) |
| 0:03 | Build | House |
| 0:05 | Build | House |
| 0:10 | Create | Villager (Male) |
| 0:10 | Create | Villager (Male) |
| 0:10 | Create | Villager (Male) |
| 1:20 | Create | Villager (Male) |
| 1:20 | Create | Villager (Male) |
| 1:52 | Create | Villager (Male) |
| 1:55 | Create | Villager (Male) |
| 1:56 | Create | Villager (Male) |
| 2:09 | Build | Lumber Camp |
| 2:24 | Create | Villager (Male) |
| 2:40 | Create | Villager (Male) |
| 2:41 | Create | Villager (Male) |
| 3:02 | Build | House |
| 3:05 | Create | Villager (Male) |
| 3:05 | Create | Villager (Male) |
| 3:20 | Create | Villager (Male) |
| 3:20 | Create | Villager (Male) |
| 3:27 | Build | House |
| 3:45 | Create | Villager (Male) |
| 3:45 | Create | Villager (Male) |
| 3:58 | Create | Villager (Male) |
| 3:58 | Create | Villager (Male) |
| 4:09 | Build | House |
| 4:22 | Create | Villager (Male) |
| 4:23 | Create | Villager (Male) |
| 4:42 | Build | Mill |
| 4:52 | Create | Villager (Male) |
| 4:52 | Create | Villager (Male) |
| 5:01 | Create | Villager (Male) |
| 5:01 | Create | Villager (Male) |
| 5:58 | Create | Villager (Male) |
| 5:59 | Create | Villager (Male) |
| 6:46 | Create | Villager (Male) |
| 6:47 | Create | Villager (Male) |
| 6:52 | Create | Villager (Male) |
| 6:52 | Create | Villager (Male) |
| 6:52 | Create | Villager (Male) |
| 7:40 | Build | Mining Camp |
| 8:01 | Build | Barracks |
| 8:27 | Research | Loom |
| 8:45 | Build | Palisade Gate |
| 9:02 | Research | Feudal Age |
| 9:48 | Build | House |
| 10:27 | Create | Villager (Male) |
| 11:22 | Age | Feudal Age |
| 11:27 | Build | Archery Range |
| 11:41 | Build | Blacksmith |
| 11:45 | Create | Villager (Male) |
| 11:57 | Build | Farm |
| 12:01 | Build | Farm |
| 12:07 | Create | Villager (Male) |
| 12:57 | Research | Castle Age |
| 13:02 | Create | Archer |
| 13:02 | Create | Archer |
| 13:08 | Build | House |
| 13:09 | Build | House |
| 13:20 | Build | Farm |
| 13:23 | Build | Farm |
| 13:26 | Research | Double-Bit Axe |
| 13:33 | Create | Archer |
| 13:56 | Create | Archer |
| 14:08 | Build | House |
| 14:14 | Build | House |
| 14:21 | Build | House |
| 14:22 | Build | House |
| 14:35 | Create | Archer |
| 14:56 | Create | Archer |
| 15:04 | Create | Archer |
| 15:10 | Research | Fletching |
| 15:13 | Create | Villager (Male) |
| 15:27 | Build | House |
| 15:29 | Build | House |
| 15:37 | Age | Castle Age |
| 15:52 | Research | Crossbowman (upgrade) |
| 15:59 | Create | Villager (Male) |
| 16:23 | Create | Villager (Male) |
| 16:25 | Create | Archer |
| 16:25 | Create | Archer |
| 17:13 | Create | Villager (Male) |
| 17:14 | Research | Padded Archer Armor |
| 17:21 | Research | Bodkin Arrow |
| 17:21 | Research | Bodkin Arrow |
| 17:47 | Create | Villager (Male) |
| 17:47 | Create | Villager (Male) |
| 17:50 | Create | Archer |
| 17:50 | Create | Archer |
| 17:58 | Build | Town Center |
| 18:07 | Create | Villager (Male) |
| 18:21 | Create | Archer |
| 18:33 | Build | Farm |
| 18:39 | Build | Farm |
| 18:40 | Build | Farm |
| 18:43 | Create | Villager (Male) |
| 18:43 | Create | Villager (Male) |
| 18:48 | Create | Archer |
| 18:49 | Create | Archer |
| 19:05 | Build | Siege Workshop |
| 19:08 | Create | Villager (Male) |
| 20:15 | Create | Mangonel |
| 20:28 | Build | House |
| 21:12 | Create | Mangonel |
| 21:19 | Create | Archer |
| 21:19 | Create | Archer |
| 21:23 | Build | Archery Range |
| 21:26 | Create | Villager (Male) |
| 21:27 | Create | Villager (Male) |
| 21:27 | Create | Villager (Male) |
| 21:27 | Create | Villager (Male) |
| 21:27 | Create | Villager (Male) |
| 21:27 | Create | Villager (Male) |
| 21:28 | Create | Villager (Male) |
| 21:28 | Create | Villager (Male) |
| 22:14 | Create | Archer |
| 22:14 | Create | Archer |
| 22:16 | Build | Archery Range |
| 22:20 | Create | Archer |
| 22:21 | Create | Archer |
| 22:21 | Create | Archer |
| 22:37 | Create | Archer |
| 22:44 | Build | House |
| 22:45 | Build | House |
| 22:46 | Build | House |
| 22:57 | Create | Archer |
| 22:57 | Create | Archer |
| 22:59 | Build | House |
| 23:00 | Build | House |
| 23:02 | Create | Archer |
| 23:06 | Create | Archer |
| 24:04 | Build | House |
| 24:05 | Build | House |
| 24:12 | Create | Villager (Male) |
| 25:25 | Create | Archer |
| 25:25 | Create | Archer |
| 25:26 | Create | Archer |
| 25:26 | Create | Archer |
| 26:02 | Create | Mangonel |
| 26:23 | Create | Villager (Male) |
| 26:24 | Create | Villager (Male) |
| 26:24 | Create | Villager (Male) |
| 26:24 | Create | Villager (Male) |
| 26:29 | Build | Mining Camp |
| 26:46 | Create | Villager (Male) |
| 26:46 | Create | Villager (Male) |
| 26:47 | Create | Villager (Male) |
| 26:55 | Create | Battering Ram |
| 26:56 | Create | Battering Ram |
Match timeline
| 0:10 | 最硬的嘴 · first_building Barracks |
| 5:52 | 西北第一白起 · wall_segment Palisade Wall x5 |
| 5:58 | 西北第一白起 · wall_segment Palisade Wall x1 |
| 6:46 | RolandDeschain · wall_segment Palisade Wall x1 |
| 7:06 | RolandDeschain · wall_segment Palisade Wall x4 |
| 7:08 | RolandDeschain · wall_segment Palisade Wall x2 |
| 7:10 | RolandDeschain · wall_segment Palisade Wall x7 |
| 8:01 | Tiểu Long Nữ · first_building Barracks |
| 8:59 | laofengzi · wall_segment Palisade Wall x14 |
| 9:38 | 西北第一白起 · age_up feudal |
| 10:00 | riaria · wall_segment Palisade Wall x1 |
| 10:05 | dz · first_building Barracks |
| 10:38 | RolandDeschain · age_up feudal |
| 11:02 | RolandDeschain · first_building Barracks |
| 11:03 | dz · age_up feudal |
| 11:05 | Shadow · age_up feudal |
| 11:07 | riaria · age_up feudal |
| 11:09 | laofengzi · age_up feudal |
| 11:22 | Tiểu Long Nữ · age_up feudal |
| 11:27 | Tiểu Long Nữ · first_building Archery Range |
| 11:45 | 西北第一白起 · first_market_sell 100 stone |
| 12:06 | RolandDeschain · first_building Archery Range |
| 12:08 | RolandDeschain · first_building Stable |
| 12:21 | riaria · first_market_sell 100 wood |
| 12:22 | riaria · first_market_buy 100 food |
| 12:46 | dz · first_market_buy 100 food |
| 12:52 | 最硬的嘴 · age_up feudal |
| 13:01 | dz · first_market_sell 100 wood |
| 13:02 | 最硬的嘴 · first_building Archery Range |
| 14:50 | Shadow · age_up castle |
| 14:51 | laofengzi · age_up castle |
| 15:02 | riaria · age_up castle |
| 15:37 | Tiểu Long Nữ · age_up castle |
| 15:40 | 西北第一白起 · age_up castle |
| 15:42 | dz · age_up castle |
| 17:23 | riaria · first_building Siege Workshop |
| 17:29 | RolandDeschain · age_up castle |
| 18:26 | 最硬的嘴 · age_up castle |
| 19:05 | Tiểu Long Nữ · first_building Siege Workshop |
| 19:16 | laofengzi · first_building Castle |
| 19:31 | Shadow · first_market_buy 100 food |
| 19:53 | 西北第一白起 · wall_segment Stone Wall x4 |
| 21:15 | riaria · first_building Barracks |
| 21:17 | Shadow · first_building Castle |
| 22:54 | dz · first_building Castle |
| 23:16 | 西北第一白起 · first_building Barracks |
| 23:53 | RolandDeschain · first_building Siege Workshop |
| 24:04 | riaria · first_building Castle |
| 24:30 | 西北第一白起 · wall_segment Stone Wall x4 |
| 24:36 | 西北第一白起 · first_building Stable |
| 25:24 | Shadow · first_market_sell 100 food |
| 26:28 | dz · first_building Archery Range |
| 26:51 | 西北第一白起 · first_building Monastery |
| 27:56 | dz · first_building Stable |
| 28:00 | laofengzi · first_building Barracks |
| 28:01 | Shadow · first_building Barracks |
| 28:18 | 西北第一白起 · first_building Castle |
| 29:24 | RolandDeschain · first_building Monastery |
| 29:35 | laofengzi · first_building Archery Range |
| 29:44 | Tiểu Long Nữ · first_building Castle |
| 29:44 | Shadow · first_building Archery Range |
| 29:52 | 西北第一白起 · first_building Siege Workshop |
| 30:21 | laofengzi · age_up imperial |
| 30:30 | Shadow · age_up imperial |
| 31:13 | 西北第一白起 · age_up imperial |
| 31:15 | laofengzi · first_market_sell 100 food |
| 33:02 | laofengzi · wall_segment Stone Wall x13 |
| 33:08 | 最硬的嘴 · first_market_buy 100 food |
| 33:11 | 最硬的嘴 · first_market_sell 100 food |
| 33:42 | 最硬的嘴 · first_building Monastery |
| 34:40 | Shadow · first_building Siege Workshop |
| 35:13 | 最硬的嘴 · first_building Castle |
| 35:30 | dz · age_up imperial |
| 35:34 | Tiểu Long Nữ · first_market_buy 100 food |
| 36:08 | riaria · wall_segment Stone Wall x10 |
| 36:13 | RolandDeschain · resign |
| 37:43 | 最硬的嘴 · age_up imperial |
| 38:15 | Tiểu Long Nữ · first_building Monastery |
| 38:49 | Tiểu Long Nữ · age_up imperial |
| 38:55 | riaria · age_up imperial |
[ AI ANALYSIS · 1 CREDIT ]
What really happened in this match?
Wolo.gg analyzes every decision: build order, eco, micro, common mistakes by bracket. Personalized analysis on WhatsApp or Discord in 30 seconds.
Civ guide
Dravidians
Map guide
Glade
Perfil
Shadow